 Dungeon Crawl Stone Soup version 0.31.0-11-ge490571c62 (webtiles) character file.

Game seed: 9700735806900342866

9006 monsoonserge the Covert (level 11, -5/75 HPs)
             Began as a Merfolk Enchanter on Jan 28, 2024.
             Slain by a centaur warrior (14 damage)
             ... on level 9 of the Dungeon.
             The game lasted 01:06:46 (12140 turns).

monsoonserge the Covert (Merfolk Enchanter)        Turns: 12140, Time: 01:06:47

Health: -5/75      AC:  4    Str:  8    XL:     11   Next: 39%
Magic:  3/15       EV: 19    Int: 20    God:
Gold:   589        SH:  6    Dex: 14    Spells: 9/16 levels left

rFire   . . .        c - +4 dagger (chaos)
rCold   . . .        v - +0 buckler
rNeg    . . .        b - +0 robe
rPois   .            (no helmet)
rElec   .            g - scarf {repulsion}
rCorr   .            f - +0 pair of gloves
SInv    .            D - +0 pair of boots
Will    .....        (no amulet)
Stlth   +++++        x - +5 ring of evasion
HPRegen 0.32/turn    (no ring)
MPRegen 0.14/turn

%: repel missiles, clarity
@: no status effects
A: (nimble swimmer 2), mertail, fangs 1, clarity
a: no special abilities


You were on level 9 of the Dungeon.
You visited 2 branches of the dungeon, and saw 10 of its levels.

You collected 589 gold pieces.

Inventory:

Hand Weapons
 c - a +4 dagger of chaos (weapon)
 L - a +3 sling of freezing
Missiles
 e - 30 poisoned darts
 n - 3 boomerangs
 u - 5 javelins
 z - a curare-tipped dart
Armour
 b - a +0 robe (worn)
 f - a +0 pair of gloves (worn)
 g - a scarf of repulsion (worn)
 v - a +0 buckler (worn)
 D - a +0 pair of boots (worn)
Jewellery
 d - an amulet of faith
 q - a ring of fire
 x - a +5 ring of evasion (left hand)
Wands
 E - a wand of digging (7)
 F - a wand of flame (14)
Scrolls
 a - a scroll of enchant armour {unknown}
 h - a scroll of fog
 j - 2 scrolls of teleportation {unknown}
 m - a scroll of revelation {unknown}
 p - 2 scrolls of vulnerability {unknown}
 w - a scroll of amnesia {unknown}
 B - a scroll of brand weapon {unknown}
 C - a scroll of enchant weapon {unknown}
 G - a scroll of poison {unknown}
 H - 2 scrolls of blinking {unknown}
 I - a scroll of butterflies {unknown}
 M - a scroll of immolation {unknown}
Potions
 i - a potion of might {unknown}
 k - 2 potions of mutation
 l - a potion of magic {unknown}
 o - a potion of resistance {unknown}
 s - 2 potions of ambrosia {unknown}
 t - a potion of berserk rage
 A - a potion of cancellation {unknown}
 J - a potion of brilliance
 K - 2 potions of lignification
Miscellaneous
 y - a phial of floods


   Skills:
 + Level 3.1 Fighting
 - Level 10.0 Short Blades
 + Level 1.4 Throwing
 + Level 5.7 Dodging
 + Level 11.1 Stealth
 + Level 6.8 Shields
 + Level 0.6 Unarmed Combat
 - Level 3.0 Spellcasting
 + Level 7.9 Hexes
 - Level 2.0 Translocations
 - Level 3.0 Ice Magic
 * Level 2.0 Evocations


You had 9 spell levels left.
You knew the following spells:

 Your Spells              Type           Power      Damage    Failure   Level
a - Ensorcelled Hibernat  Hex/Ice        48%        N/A       3%          2
b - Confusing Touch       Hex            34%        N/A       2%          3
c - Blink                 Tloc           22%        N/A       13%         2

Your spell library contained the following spells:

 Spells                   Type           Power      Damage    Failure   Level
 Tukima's Dance           Hex            34%        N/A       2%          3
 Dazzling Flash           Conj/Hex       36%        N/A       12%         3
 Lesser Beckoning         Tloc           22%        N/A       13%         2
 Sandblast                Erth           6%         2d5       21%         1
 Momentum Strike          Conj/Tloc      14%        3d8       21%         2
 Anguish                  Hex/Necr       9%         N/A       36%         4
 Fugue of the Fallen      Necr           3%         N/A       52%         3
 Passwall                 Erth           3%         N/A       52%         3
 Stone Arrow              Conj/Erth      6%         3d7       52%         3
 Animate Armour           Summ/Erth      6%         N/A       89%         4
 Brom's Barrelling Bould  Conj/Erth      3%         2d3       89%         4
 Summon Lightning Spire   Summ/Air       3%         N/A       89%         4
 Lee's Rapid Deconstruct  Erth           1%         3d4*      99%         5


Dungeon Overview and Level Annotations

Branches:
Dungeon (9/15)             Temple (1/1) D:7
   Lair: D:8-11         Orc: D:9-12

Altars:
Ashenzari
Cheibriados
Dithmenos
Elyvilon
Fedhas
Gozag
Hepliaklqana
Kikubaaqudgha
Makhleb
Okawaru
Qazlal
Ru
Sif Muna
Trog
Vehumet
Wu Jian
Xom
Yredelemnul
Zin
The Shining One


Innate Abilities, Weirdness & Mutations

((You are very nimble when in or above water. (Stealth+, EV+, Speed+++)))
Your lower body shifts to a powerful aquatic tail in water.
You have very sharp teeth.
You possess an exceptional clarity of mind.


Message History

The centaur warrior resists with some effort.
The kobold brigand shouts!
The centaur warrior closely misses you.
The centaur warrior kicks you but does no damage.
The centaur warrior hits you!
* * * LOW HITPOINT WARNING * * *
The centaur warrior barely misses you.
Throw: 2 throwing nets
Press: ? - help, Q - select action, (/) - cycle Shift-Dir - straight line, f/p - centaur warrior
Aim: a centaur warrior (heavily wounded, 64% to hit)
You throw a throwing net.
The throwing net hits the centaur warrior.
The centaur warrior is caught in the net!
The centaur warrior is heavily wounded.
The centaur warrior struggles against the net.
You completely miss the centaur warrior.
You bite the centaur warrior, but do no damage.
The centaur warrior is heavily wounded.
The centaur warrior struggles against the net.
You hit the centaur warrior.
The centaur warrior suddenly seems more resistant.
You bite the centaur warrior, but do no damage.
The centaur warrior is severely wounded.
The centaur warrior struggles against the net.
You hit the centaur warrior.
The centaur warrior seems to grow stronger.
The centaur warrior is severely wounded.
You hit the centaur warrior but do no damage.
The centaur warrior is severely wounded.
The centaur warrior struggles against the net.
The net rips apart, and the centaur warrior comes free!
Throw: throwing net
Press: ? - help, Q - select action, (/) - cycle Shift-Dir - straight line, f/p - centaur warrior
Aim: a centaur warrior (severely wounded, strong, unusually resistant, 64% to hit)
You throw a throwing net.
The throwing net closely misses the centaur warrior.
The centaur warrior closely misses you. The centaur warrior kicks you.
* * * LOW HITPOINT WARNING * * *
The centaur warrior hits you!
You die...

# ..........# ...
#...........# ...
#...#######.# ...
######...# #.# g..
...(.....# #.# .g.
.......# #.# ...
.......#######.# ###
###c..........#
#...@.).#######
#.......# ..##.#.#
#.K.....# .....#.###
#.......#
#....#...##.........#
.....#.>. #.........#
.....#.. #.........#
.....#.# #.....#####
.###.#.####..####


You could see a centaur warrior (strong, resistant) and a kobold brigand.

Vanquished Creatures
  A centaur warrior (D:9)
  A boulder beetle (D:9)
  A meliai (D:9)
  Joseph (D:8)
  Psyche (D:7)
  3 hornets (D:9)
  2 wyverns (D:9)
  A shadow (D:9)
  8 yaks
  An unseen horror simulacrum (D:8)
  Grum (D:8)
  A vampire mosquito (D:9)
  5 water moccasins
  4 orc warriors
  4 ice beasts
  2 black bears (D:5)
  3 sky beasts
  3 centaurs
  7 wolves
  An ogre (D:8)
  2 phantoms (D:5)
  2 kobold brigands
  Blork the orc (D:6)
  A bullfrog (D:9)
  A gnoll sergeant (D:9)
  2 scorpions
  3 wights (D:6)
  4 howler monkeys
  5 bombardier beetles
  4 jellies
  2 hounds
  8 orc priests
  4 iguanas
  6 orc wizards
  3 centaur simulacra (D:8)
  9 gnolls
  3 adders
  3 white imps
  2 ufetubi (D:5)
  A dart slug (D:1)
  32 orcs
  7 ball pythons
  6 endoplasms
  4 giant cockroaches
  6 goblins
  3 hobgoblins
  10 jackals
  3 quokkas
  3 bats
  8 kobolds
  5 rats
204 creatures vanquished.

Vanquished Creatures (others)
  An orc (D:8)
1 creature vanquished.

Grand Total: 205 creatures vanquished

Notes
Turn   | Place    | Note
-------+----------+-------------------------------------------
     0 | D:1      | monsoonserge the Merfolk Enchanter began the quest for the
                  | Orb.
     0 | D:1      | Reached XP level 1. HP: 13/13 MP: 3/3
   251 | D:1      | Reached XP level 2. HP: 19/19 MP: 5/5
   257 | D:1      | Learned a level 2 spell: Ensorcelled Hibernation
   770 | D:1      | Reached XP level 3. HP: 13/25 MP: 6/6
   823 | D:1      | Learned a level 3 spell: Confusing Touch
  1657 | D:2      | Reached skill level 1 in Ice Magic
  1830 | D:2      | Reached XP level 4. HP: 31/31 MP: 4/7
  1833 | D:2      | Learned a level 2 spell: Blink
  2083 | D:3      | Found a shimmering blue altar of Sif Muna.
  2118 | D:3      | Reached skill level 4 in Stealth
  2552 | D:3      | Reached skill level 1 in Fighting
  2552 | D:3      | Reached XP level 5. HP: 37/37 MP: 5/8
  3521 | D:4      | Reached XP level 6. HP: 43/43 MP: 1/10
  4169 | D:5      | Entered Level 5 of the Dungeon
  4399 | D:5      | Reached skill level 5 in Stealth
  4399 | D:5      | Reached skill level 1 in Shields
  4399 | D:5      | Reached XP level 7. HP: 30/48 MP: 7/11
  4589 | D:5      | Reached skill level 5 in Short Blades
  4957 | D:5      | Found a bloodstained altar of Trog.
  4995 | D:5      | Reached XP level 8. HP: 25/54 MP: 5/12
  5523 | D:6      | Noticed Blork the orc
  5531 | D:6      | Killed Blork the orc
  5976 | D:6      | Reached skill level 1 in Throwing
  6260 | D:6      | Reached skill level 5 in Shields
  6700 | D:7      | Found a staircase to the Ecumenical Temple.
  6712 | Temple   | Entered the Ecumenical Temple
  6757 | Temple   | Reached XP level 9. HP: 9/59 MP: 0/13
  8154 | D:7      | Reached skill level 6 in Stealth
  8884 | D:8      | Noticed Joseph
  9118 | D:7      | Reached skill level 10 in Short Blades
  9118 | D:7      | Reached skill level 1 in Evocations
  9158 | D:7      | Reached skill level 7 in Stealth
  9311 | D:8      | Noticed Psyche
  9411 | D:8      | Killed Joseph
  9412 | D:8      | Reached skill level 5 in Hexes
  9412 | D:8      | Reached skill level 1 in Translocations
  9412 | D:8      | Reached XP level 10. HP: 43/66 MP: 3/14
  9698 | D:7      | Gained mutation: You have very sharp teeth. [potion of
                  | mutation]
  9698 | D:7      | Gained mutation: You possess an exceptional clarity of
                  | mind. [potion of mutation]
  9722 | D:7      | Killed Psyche
  9723 | D:7      | Reached skill level 5 in Dodging
 10160 | D:8      | Noticed Grum
 10177 | D:8      | Killed Grum
 10178 | D:8      | Reached skill level 8 in Stealth
 10604 | D:8      | Reached skill level 9 in Stealth
 10947 | D:9      | Noticed a two-headed ogre
 11251 | D:9      | Noticed a meliai
 11255 | D:9      | Killed a meliai
 11255 | D:9      | Noticed a centaur warrior
 11261 | D:9      | Killed a centaur warrior
 11262 | D:9      | Reached skill level 10 in Stealth
 11262 | D:9      | Reached XP level 11. HP: 32/74 MP: 3/15
 11479 | D:9      | Identified the staff of Destiny {rElec Dex+3 Air}
 11907 | D:9      | Noticed a boulder beetle
 11907 | D:9      | Noticed a centaur warrior
 11914 | D:9      | Killed a boulder beetle
 11915 | D:9      | Reached skill level 11 in Stealth
 12140 | D:9      | Slain by a centaur warrior

Illustrated notes

Levels and vault maps discovered:
D:1:      amcnicky_arrival_feature_with_door, layout_loops_corners,
          minivault_25, chequers_serial_rivers_large_a
D:2:      layout_rooms
D:3:      layout_basic, old_standard_altar
D:4:      layout_loops_ring
D:5:      layout_cave_pools, trog_ov_bears_minmay, minmay_holes,
          minmay_misc_feat_x, dk_rats_in_the_wall
D:6:      layout_cave_pods, uniq_blork_the_orc
D:7:      layout_cave_pods, minmay_temple_entry_junction
D:8:      layout_gridville, serial_ice, serial_ice_b, serial_ice_m,
          serial_ice_d, serial_ice_h, grunt_decor_clamped, uniq_joseph,
          uniq_grum, uniq_psyche
D:9:      minmay_chopped_fan, layout_basic, minmay_lair_entry_grove
Temple:   eino_narrow_crystal_temple

Skill      XL: |  1  2  3  4  5  6  7  8  9 10 11 |
---------------+----------------------------------+-----
Dodging        | 3 4 5 |  5.7
Short Blades   | 2 3 4 6 8 10 | 10.0
Ice Magic      | 1 2 3 |  3.0
Stealth        | 4 5 7 10 11 | 11.1
Fighting       | 1 2 3 |  3.1
Spellcasting   | 3 |  3.0
Hexes          | 4 5 7 |  7.9
Shields        | 1 3 5 6 |  6.8
Throwing       | 1 |  1.4
Evocations     | 1 2 |  2.0
Translocations | 1 2 |  2.0
Unarmed Combat | |  0.6

Action                     |  1- 3 |  4- 6 |  7- 9 | 10-12 || total
---------------------------+-------+-------+-------+-------++-------
  Melee: Dagger            |   130 |   129 |   366 |   132 ||   757
         Punch             |     1 |       |       |       ||     1
         Unarmed           |       |       |       |    10 ||    10
         Bite              |       |       |       |    14 ||    14
  Throw: Dart              |       |     1 |     4 |     1 ||     6
         Boomerang         |       |       |     3 |       ||     3
         Throwing net      |       |       |       |     2 ||     2
   Cast: Ensorcelled Hiber |    20 |    49 |    92 |    77 ||   238
         Confusing Touch   |       |     2 |    13 |     3 ||    18
  Evoke: Wand              |       |       |    11 |     2 ||    13
    Use: Potion            |       |       |     6 |     4 ||    10
         Scroll            |       |       |     1 |     3 ||     4
   Stab: Sleeping          |    15 |    26 |    41 |    44 ||   126
         Confused          |       |     3 |     9 |     2 ||    14
         Invisible         |       |       |     2 |     2 ||     4
         Distracted        |       |       |       |     2 ||     2
         Paralysed         |       |       |       |     1 ||     1
 Armour: Robe              |    64 |    65 |   137 |    68 ||   334
         Skin              |       |       |       |     3 ||     3
  Dodge: Dodged            |    81 |    82 |   204 |    88 ||   455
         Repelled          |       |     1 |     3 |     1 ||     5
  Block: Buckler           |       |    19 |    67 |    28 ||   114
